 Dungeon Sprint DCSS version 0.20.1-1-g8b1a95d (console) character file.

2561 hilaritas the Grappler (level 9, -3/96 HPs)
             Began as a Troll Fighter on Aug 26, 2017.
             Was a High Priest of Uskayaw.
             Killed from afar by a rime drake (35 damage)
             ... with a flash freeze
             ... in the Dungeon (Sprint IX: "|||||||||||||||||||||||||||||").
             The game lasted 00:02:48 (521 turns).

hilaritas the Grappler (Troll Fighter)               Turns: 521, Time: 00:02:49

Health: -3/96      AC:  9    Str: 27    XL:     9   Next: 31%
Magic:  10/13      EV: 12    Int:  6    God:    Uskayaw [*****.]
Gold:   0          SH: 11    Dex:  9    Spells: 8/8 levels left

rFire    . . .     SeeInvis .     - Unarmed
rCold    . . .     Gourm    +   b - +0 shield
rNeg     . . .     Faith    .   a - +0 robe
rPois    .         Spirit   .   (helmet restricted)
rElec    .         Reflect  .   (no cloak)
rCorr    .         Harm     .   (gloves unavailable)
MR       .....     NoTele   +   (boots unavailable)
Stlth    +.........             (no amulet)
Regen    0.7/turn               l - +2 ring of protection
MPRegen  0.2/turn               q - +2 ring of protection

@: no status effects
A: unfitting armour, claws 3, fast metabolism 3, gourmand, regeneration 1,
shaggy fur 1, tough skin 2
a: Stomp, Line Pass, Grand Finale, Renounce Religion


You were in the Dungeon.
You worshipped Uskayaw.
Uskayaw was noncommittal.
You were very full.

You visited 1 branch

Inventory:

Hand Weapons
 p - a +2 scimitar of flaming
Armour
 a - a +0 robe (worn)
 b - a +0 shield (worn)
Jewellery
 l - a +2 ring of protection (left claw)
 q - a +2 ring of protection (right claw)
Wands
 o - a wand of iceblast (7/15)
Scrolls
 j - 2 scrolls of blinking
 m - 4 scrolls of remove curse
 n - 2 scrolls of amnesia
 t - 2 scrolls of enchant armour
 u - 2 scrolls of recharging
 v - 2 scrolls of enchant weapon
Potions
 c - a potion of might
 e - 6 potions of curing
 f - 5 potions of heal wounds
 g - 3 potions of haste
 h - 4 potions of magic
 i - a potion of berserk rage
 k - a potion of invisibility
 s - a potion of agility
Comestibles
 d - 2 bread rations
 r - 2 chunks of flesh


   Skills:
 * Level 7.9 Fighting
 * Level 6.1 Armour
 + Level 6.4 Dodging
 + Level 9.6 Shields
 - Level 10.0 Unarmed Combat
 * Level 7.6 Invocations


You had 8 spell levels left.
You didn't know any spells.

Dungeon Overview and Level Annotations

Branches:
Dungeon (1/1)

Altars:
Cheibriados
Dithmenos
Elyvilon
Fedhas
Gozag
Hepliaklqana
Kikubaaqudgha
Makhleb
Nemelex Xobeh
Okawaru
Qazlal
Ru
Sif Muna
Trog
Uskayaw
Vehumet
Xom
Yredelemnul
Zin
The Shining One
Beogh
Jiyva
Lugonu


Innate Abilities, Weirdness & Mutations

You are too large for most types of armour.
You have claws for hands.
Your metabolism is lightning-fast.
You like to eat raw meat.
Your natural rate of healing is unusually fast.
You are covered in fur. (AC +1)
You have very tough skin. (AC +2)


Message History

The spiny frog closely misses you. You block the spiny frog's attack.
Uskayaw will force your foes to share their pain.
Unknown command.
You scratch the spiny frog.
The spiny frog is severely wounded.
The spiny frog is no longer sharing its pain.
The rime drake is no longer sharing its pain.
The spiny frog closely misses you.
You claw the spiny frog!
You kill the spiny frog!
Your Armour skill increases to level 6!
The spiny frog is no longer sharing its pain.
You mangle the crocodile!!
You kill the crocodile!
You can now merge with and destroy a victim.
You claw the rime drake!
The rime drake is heavily wounded.
The rime drake breathes ice at you. The flash freeze hits you!
You die...

▓▓▓▓▓▓▓▓▓▓▓▓▓▓▓▓▓▓▓▓▓▓▓▓
..'.....()).....@kF.....
▓▓▓▓▓▓▓▓▓▓▓▓▓▓▓▓▓▓▓▓▓▓▓▓▓▓▓▓▓▓▓▓▓
.................................
▓▓▓▓▓▓▓▓▓▓▓▓▓▓▓▓▓▓▓▓▓▓▓▓▓▓▓▓▓▓▓▓▓
.....÷.....'___________________._
▓▓▓▓▓▓▓▓▓▓▓▓▓▓▓▓▓▓▓▓▓▓▓▓▓▓▓▓▓▓▓▓▓


You could see a spiny frog and a rime drake.

Vanquished Creatures
  A tengu warrior (D)
  A spiny frog (D)
  A kobold demonologist (D)
  A komodo dragon (D)
  A wyvern (D)
  A vampire mosquito (D)
  A soldier ant (D)
  3 porcupines (D)
  A phantom (D)
  A crocodile (D)
  A bullfrog (D)
  A killer bee (D)
  2 wights (D)
  A howler monkey (D)
  A hound (D)
  A jelly (D)
  A worker ant (D)
  A gnoll (D)
  An ooze (D)
  An adder skeleton (D)
  A leopard gecko (D)
  A hobgoblin (D)
  A jackal (D)
  A bat (D)
  A frilled lizard (D)
28 creatures vanquished.

Notes
Turn   | Place    | Note
-------+----------+-------------------------------------------
     0 | D        | hilaritas the Troll Fighter began the quest for the Orb.
     0 | D        | Reached XP level 1. HP: 22/22 MP: 0/0
    19 | D        | Reached skill level 3 in Unarmed Combat
    19 | D        | Reached XP level 2. HP: 22/29 MP: 1/1
    37 | D        | Noticed a phantom
    39 | D        | Reached skill level 4 in Unarmed Combat
    49 | D        | Killed a phantom
    49 | D        | Reached skill level 5 in Shields
    49 | D        | Reached skill level 7 in Unarmed Combat
    49 | D        | Reached XP level 3. HP: 26/36 MP: 2/2
    49 | D        | Reached XP level 4. HP: 32/44 MP: 3/3
    60 | D        | Reached XP level 5. HP: 35/50 MP: 4/4
    92 | D        | Found a roughly hewn altar of Beogh.
    92 | D        | Found a snail-covered altar of Cheibriados.
    92 | D        | Found a shadowy altar of Dithmenos.
    92 | D        | Found a white marble altar of Elyvilon.
    92 | D        | Found a blossoming altar of Fedhas.
    92 | D        | Found an opulent altar of Gozag.
    93 | D        | Found a hazy altar of Hepliaklqana.
    94 | D        | Found a viscous altar of Jiyva.
    95 | D        | Found an ancient bone altar of Kikubaaqudgha.
    96 | D        | Found a corrupted altar of Lugonu.
    97 | D        | Found a burning altar of Makhleb.
    98 | D        | Found a sparkling altar of Nemelex Xobeh.
    99 | D        | Found an iron altar of Okawaru.
   100 | D        | Found a stormy altar of Qazlal.
   101 | D        | Found a sacrificial altar of Ru.
   102 | D        | Found a deep blue altar of Sif Muna.
   103 | D        | Found a bloodstained altar of Trog.
   104 | D        | Found a hide-covered altar of Uskayaw.
   105 | D        | Found a radiant altar of Vehumet.
   107 | D        | Found a shimmering altar of Xom.
   108 | D        | Found a basalt altar of Yredelemnul.
   109 | D        | Found a glowing silver altar of Zin.
   110 | D        | Found a glowing golden altar of the Shining One.
   112 | D        | Became a worshipper of Uskayaw the Reveler
   239 | D        | Noticed a soldier ant
   239 | D        | Noticed a wyvern
   241 | D        | Reached * piety under Uskayaw
   247 | D        | Killed a soldier ant
   247 | D        | Reached skill level 9 in Unarmed Combat
   247 | D        | Reached ** piety under Uskayaw
   249 | D        | Reached XP level 6. HP: 54/59 MP: 4/7
   249 | D        | Reached *** piety under Uskayaw
   251 | D        | Reached **** piety under Uskayaw
   252 | D        | Reached skill level 10 in Unarmed Combat
   255 | D        | Reached ***** piety under Uskayaw
   257 | D        | Killed a wyvern
   257 | D        | Reached skill level 1 in Armour
   260 | D        | Reached XP level 7. HP: 45/68 MP: 5/9
   314 | D        | Noticed a vampire mosquito
   314 | D        | Noticed a kobold demonologist
   314 | D        | Noticed a tengu warrior
   327 | D        | Killed a vampire mosquito
   327 | D        | Reached skill level 5 in Invocations
   330 | D        | Reached skill level 5 in Fighting
   330 | D        | Killed a kobold demonologist
   330 | D        | Reached XP level 8. HP: 50/81 MP: 9/11
   340 | D        | Killed a tengu warrior
   340 | D        | Reached skill level 5 in Armour
   340 | D        | Reached skill level 5 in Dodging
   505 | D        | Noticed a komodo dragon
   505 | D        | Noticed a spiny frog
   508 | D        | Noticed a rime drake
   510 | D        | Noticed a spiny frog
   510 | D        | Killed a komodo dragon
   510 | D        | Reached XP level 9. HP: 51/93 MP: 13/13
   519 | D        | Killed a spiny frog
   521 | D        | Killed from afar by a rime drake

Skill      XL: |  1  2  3  4  5  6  7  8  9 |
---------------+----------------------------+-----
Shields        | 3 5 6 7 8 9 |  9.6
Unarmed Combat | 3 7 9 10 | 10.0
Invocations    | 3 4 5 7 |  7.6
Fighting       | 3 5 7 |  7.9
Armour         | 2 3 5 6 |  6.1
Dodging        | 3 4 5 6 |  6.4

Action                   |  1- 3 |  4- 6 |  7- 9 || total
-------------------------+-------+-------+-------++-------
Melee: Unarmed           |    24 |    30 |    45 ||    99
Invok: Stomp             |       |       |     1 ||     1
 Stab: Sleeping          |       |     1 |       ||     1
       Paralysed         |       |     1 |     3 ||     4
  Eat: Chunk             |     3 |     3 |     4 ||    10
Armor: Robe              |     7 |     2 |    11 ||    20
Dodge: Dodged            |     4 |     9 |    13 ||    26
Block: Shield            |     8 |    11 |    17 ||    36
